TOP OF THE 1ST |
Gwinnett County Black Cats batting - Pitching for South Beach Blaze : LHP Addie Samson
|
Pitching: LHP Addie Samson
|
|
Batting: RHB António Domínguez
|
0-0: Swinging Strike 0-1: Called Strike 0-2: Strikes out swinging
|
Batting: LHB Kent Roberts
|
0-0: Ball 1-0: Foul Ball, location: 2F 1-1: Swinging Strike 1-2: Foul Ball, location: 2F 1-2: Foul Ball, location: 2F 1-2: Ball 2-2: Ball 3-2: Ground out 1-3 (Groundball, 34S)
|
Batting: RHB Luis Hernández
|
0-0: Ball 1-0: Called Strike 1-1: Ball 2-1: Ball 3-1: Base on Balls
|
Batting: RHB Pablo Alyala
|
0-0: Foul Ball, location: 2F 0-1: Called Strike 0-2: Ball 1-2: Strikes out swinging
|
Top of the 1st over - 0 run(s), 0 hit(s), 0 error(s), 1 left on base; Gwinnett County 0 - South Beach 0 |
BOTTOM OF THE 1ST |
South Beach Blaze batting - Pitching for Gwinnett County Black Cats : RHP Jorge Silverstro
|
Pitching: RHP Jorge Silverstro
|
|
Batting: RHB Jorge Maestas
|
0-0: Fly out, F9 (Flyball, 89M)
|
Batting: LHB Tomás Mejía
|
0-0: Ball 1-0: Called Strike 1-1: Swinging Strike 1-2: Ball 2-2: Strikes out swinging
|
Batting: RHB León Domínguez
|
0-0: Ball 1-0: Ball 2-0: Foul Ball, location: 2F 2-1: Fly out, F7 (Line Drive, 7M)
|
Bottom of the 1st over - 0 run(s), 0 hit(s), 0 error(s), 0 left on base; Gwinnett County 0 - South Beach 0 |
TOP OF THE 2ND |
Gwinnett County Black Cats batting - Pitching for South Beach Blaze : LHP Addie Samson
|
Batting: RHB Ghislain Vespucci
|
0-0: Swinging Strike 0-1: Ground out 6-3 (Groundball, 6)
|
Batting: RHB Jesús Aragón
|
0-0: Swinging Strike 0-1: Ball 1-1: Foul Ball, location: 2F 1-2: Strikes out swinging
|
Batting: RHB Luis Dávila
|
0-0: SINGLE (Line Drive, 9LS)
|
Batting: RHB Ernesto Fernández
|
0-0: Ball 1-0: Ball 2-0: Ball Wild Pitch! Luis Dávila to second 3-0: Called Strike 3-1: Fly out, F7 (Flyball, 78M)
|
Top of the 2nd over - 0 run(s), 1 hit(s), 0 error(s), 1 left on base; Gwinnett County 0 - South Beach 0 |
BOTTOM OF THE 2ND |
South Beach Blaze batting - Pitching for Gwinnett County Black Cats : RHP Jorge Silverstro
|
Batting: RHB Lloyd Alberink
|
0-0: Called Strike 0-1: Foul Ball, location: 2F 0-2: SINGLE (Line Drive, 7LS)
|
Batting: RHB Marcos Reyes
|
0-0: Foul Ball, location: 2F 0-1: Called Strike 0-2: Foul Ball, location: 2F 0-2: Strikes out swinging
|
Batting: RHB Júlio Molina
|
0-0: Ball 1-0: Swinging Strike 1-1: Called Strike 1-2: Strikes out swinging
|
Batting: SHB Miguel Pérez
|
0-0: Swinging Strike 0-1: Fly out, F9 (Flyball, 89M)
|
Bottom of the 2nd over - 0 run(s), 1 hit(s), 0 error(s), 1 left on base; Gwinnett County 0 - South Beach 0 |
TOP OF THE 3RD |
Gwinnett County Black Cats batting - Pitching for South Beach Blaze : LHP Addie Samson
|
Batting: RHB Daniel Ybarra
|
0-0: Called Strike 0-1: Fly out, F6 (Popup, 6D)
|
Batting: RHB António Domínguez
|
0-0: Called Strike 0-1: Ball 1-1: Foul Ball, location: 2F 1-2: Foul Ball, location: 2F 1-2: Ball 2-2: Foul Ball, location: 2F 2-2: Ball 3-2: Base on Balls
|
Batting: LHB Kent Roberts
|
0-0: Called Strike 0-1: Called Strike 0-2: Strikes out swinging
|
Batting: RHB Luis Hernández
|
0-0: Ball 1-0: Called Strike 1-1: Foul Ball, location: 2F 1-2: Foul Ball, location: 2F 1-2: Ball António Domínguez steals 2nd base 2-2: Strikes out looking
|
Top of the 3rd over - 0 run(s), 0 hit(s), 0 error(s), 1 left on base; Gwinnett County 0 - South Beach 0 |
BOTTOM OF THE 3RD |
South Beach Blaze batting - Pitching for Gwinnett County Black Cats : RHP Jorge Silverstro
|
Batting: RHB Jesús Martínez
|
0-0: Called Strike 0-1: Ball 1-1: Foul Ball, location: 2F 1-2: Hit by Pitch
|
Batting: RHB Ted Cook
|
0-0: Called Strike 0-1: Ball 1-1: Grounds into double play, 6-4-3 (Groundball, 6)
|
Batting: RHB Jorge Maestas
|
0-0: Ball 1-0: Swinging Strike 1-1: Ball 2-1: Swinging Strike 2-2: Ball 3-2: Strikes out swinging
|
Bottom of the 3rd over - 0 run(s), 0 hit(s), 0 error(s), 0 left on base; Gwinnett County 0 - South Beach 0 |
TOP OF THE 4TH |
Gwinnett County Black Cats batting - Pitching for South Beach Blaze : LHP Addie Samson
|
Batting: RHB Pablo Alyala
|
0-0: Ground out 1-3 (Groundball, 15S)
|
Batting: RHB Ghislain Vespucci
|
0-0: Fly out, F9 (Flyball, 9LM)
|
Batting: RHB Jesús Aragón
|
0-0: Ground out 5-3 (Groundball, 5S)
|
Top of the 4th over - 0 run(s), 0 hit(s), 0 error(s), 0 left on base; Gwinnett County 0 - South Beach 0 |
BOTTOM OF THE 4TH |
South Beach Blaze batting - Pitching for Gwinnett County Black Cats : RHP Jorge Silverstro
|
Batting: LHB Tomás Mejía
|
0-0: Ball 1-0: Called Strike 1-1: Foul Ball, location: 2F 1-2: Ball 2-2: Strikes out swinging
|
Batting: RHB León Domínguez
|
0-0: Ball 1-0: Foul Ball, location: 2F 1-1: Ball 2-1: Foul Ball, location: 2F 2-2: Ball 3-2: Strikes out swinging
|
Batting: RHB Lloyd Alberink
|
0-0: Hit by Pitch
|
Batting: RHB Marcos Reyes
|
0-0: Ground out U3 (Groundball, 3)
|
Bottom of the 4th over - 0 run(s), 0 hit(s), 0 error(s), 1 left on base; Gwinnett County 0 - South Beach 0 |
TOP OF THE 5TH |
Gwinnett County Black Cats batting - Pitching for South Beach Blaze : LHP Addie Samson
|
Batting: RHB Luis Dávila
|
0-0: Called Strike 0-1: Ball 1-1: Ball 2-1: Foul Ball, location: 2F 2-2: Foul Ball, location: 2F 2-2: DOUBLE (Flyball, 89M)
|
Batting: RHB Ernesto Fernández
|
0-0: Ball 1-0: Foul Ball, location: 2F 1-1: Called Strike 1-2: Ground out 6-3 (Groundball, 6M) Luis Dávila to third
|
Batting: RHB Daniel Ybarra
|
0-0: Ground out 4-3 (Groundball, 4M) Luis Dávila scores
|
Batting: RHB António Domínguez
|
0-0: Ground out 4-3 (Groundball, 13)
|
Top of the 5th over - 1 run(s), 1 hit(s), 0 error(s), 0 left on base; Gwinnett County 1 - South Beach 0 |
BOTTOM OF THE 5TH |
South Beach Blaze batting - Pitching for Gwinnett County Black Cats : RHP Jorge Silverstro
|
Batting: RHB Júlio Molina
|
0-0: Called Strike 0-1: SINGLE (Popup, 9LS)
|
Batting: SHB Miguel Pérez
|
0-0: Bunted foul 0-1: Sac Bunt - play at first, batter OUT! 1-4 Júlio Molina to second
|
Batting: RHB Jesús Martínez
|
0-0: Ball 1-0: Called Strike 1-1: Foul Ball, location: 2F 1-2: Ball 2-2: Foul Ball, location: 2F 2-2: Foul Ball, location: 2F 2-2: Ball 3-2: Strikes out looking
|
Batting: RHB Ted Cook
|
0-0: Swinging Strike 0-1: Foul Ball, location: 2F 0-2: Ball 1-2: Foul Ball, location: 2F 1-2: Ball 2-2: Fly out, F8 (Flyball, 8RD)
|
Bottom of the 5th over - 0 run(s), 1 hit(s), 0 error(s), 1 left on base; Gwinnett County 1 - South Beach 0 |
TOP OF THE 6TH |
Gwinnett County Black Cats batting - Pitching for South Beach Blaze : LHP Addie Samson
|
Batting: LHB Kent Roberts
|
0-0: Foul Ball, location: 2F 0-1: Ball 1-1: Swinging Strike 1-2: Foul Ball, location: 2F 1-2: Foul Ball, location: 2F 1-2: Ball 2-2: Foul Ball, location: 2F 2-2: Ball 3-2: Foul Ball, location: 2F 3-2: Ground out U3 (Groundball, 3)
|
Batting: RHB Luis Hernández
|
0-0: Foul Ball, location: 2F 0-1: Ball 1-1: Called Strike 1-2: Ball 2-2: Ball 3-2: SINGLE (Flyball, 8LS)
|
Batting: RHB Pablo Alyala
|
0-0: Called Strike 0-1: Foul Ball, location: 2F 0-2: Strikes out swinging
|
Batting: RHB Ghislain Vespucci
|
0-0: Swinging Strike 0-1: Ball 1-1: Foul Ball, location: 2F 1-2: Ball 2-2: Fielders Choice at 2nd, 6-4 (Groundball, 56)
|
Top of the 6th over - 0 run(s), 1 hit(s), 0 error(s), 0 left on base; Gwinnett County 1 - South Beach 0 |
BOTTOM OF THE 6TH |
South Beach Blaze batting - Pitching for Gwinnett County Black Cats : RHP Jorge Silverstro
|
Batting: RHB Jorge Maestas
|
0-0: Ball 1-0: Ball 2-0: DOUBLE (Flyball, 89M)
|
Batting: LHB Tomás Mejía
|
0-0: Foul Ball, location: 2F 0-1: Ground out 1-3 (Groundball, 15S)
|
Batting: RHB León Domínguez
|
0-0: Called Strike 0-1: Ball 1-1: Swinging Strike 1-2: Strikes out swinging
|
Batting: RHB Lloyd Alberink
|
0-0: Swinging Strike 0-1: Fly out, F3 (Popup, 3)
|
Bottom of the 6th over - 0 run(s), 1 hit(s), 0 error(s), 1 left on base; Gwinnett County 1 - South Beach 0 |
TOP OF THE 7TH |
Gwinnett County Black Cats batting - Pitching for South Beach Blaze : LHP Addie Samson
|
Batting: RHB Jesús Aragón
|
0-0: Called Strike 0-1: Foul Ball, location: 2F 0-2: Ball 1-2: Fly out, F9 (Flyball, 9S)
|
Batting: RHB Luis Dávila
|
0-0: SINGLE (Groundball, 6M)
|
Pinch Hitting: RHB Jim Unknown
|
0-0: Called Strike 0-1: Ball 1-1: Ground out 5-3 (Groundball, 5) Luis Dávila to second
|
Pinch Hitting: LHB Jim Unknown
|
0-0: Ball 1-0: Ball 2-0: Called Strike 2-1: Ball 3-1: Foul Ball, location: 2F 3-2: Base on Balls
|
Pinch Hitting: RHB Jim Unknown
|
0-0: Ball 1-0: Foul Ball, location: 2F 1-1: Reached on Error, E7 (Flyball, 78S) Luis Dávila scores Jim Unknown to third
|
Batting: LHB Kent Roberts
|
0-0: Ball 1-0: Ball 2-0: Fly out, F9 (Flyball, 9LM)
|
Top of the 7th over - 1 run(s), 1 hit(s), 1 error(s), 2 left on base; Gwinnett County 2 - South Beach 0 |
BOTTOM OF THE 7TH |
South Beach Blaze batting - Pitching for Gwinnett County Black Cats : RHP Jorge Silverstro
|
Now in LF: Jim Unknown
|
|
Now in CF: Jim Unknown
|
|
Now in RF: Jim Unknown
|
|
Batting: RHB Marcos Reyes
|
0-0: Foul Ball, location: 2F 0-1: Ball 1-1: Swinging Strike 1-2: Strikes out swinging
|
Batting: RHB Júlio Molina
|
0-0: Called Strike 0-1: Swinging Strike 0-2: Foul Ball, location: 2F 0-2: Strikes out swinging
|
Batting: SHB Miguel Pérez
|
0-0: Foul Ball, location: 2F 0-1: Ball 1-1: Called Strike 1-2: Strikes out swinging
|
Bottom of the 7th over - 0 run(s), 0 hit(s), 0 error(s), 0 left on base; Gwinnett County 2 - South Beach 0 |
TOP OF THE 8TH |
Gwinnett County Black Cats batting - Pitching for South Beach Blaze : LHP Addie Samson
|
Batting: RHB Luis Hernández
|
0-0: Ball 1-0: Called Strike 1-1: SINGLE (Line Drive, 8LS)
|
Batting: RHB Pablo Alyala
|
0-0: Swinging Strike 0-1: Swinging Strike 0-2: Foul Ball, location: 2F 0-2: Foul Ball, location: 2F 0-2: Foul Ball, location: 2F 0-2: Strikes out swinging
|
Pitching: LHP Manuel Rodríguez
|
|
Batting: RHB Ghislain Vespucci
|
0-0: Ball 1-0: Foul Ball, location: 2F 1-1: Foul Ball, location: 2F 1-2: Foul Ball, location: 2F 1-2: Foul Ball, location: 2F 1-2: Fly out, F4 (Popup, 34D)
|
Batting: RHB Jesús Aragón
|
0-0: Ball 1-0: Swinging Strike 1-1: Ground out 6-3 (Groundball, 6)
|
Top of the 8th over - 0 run(s), 1 hit(s), 0 error(s), 1 left on base; Gwinnett County 2 - South Beach 0 |
BOTTOM OF THE 8TH |
South Beach Blaze batting - Pitching for Gwinnett County Black Cats : RHP Jorge Silverstro
|
Batting: RHB Jesús Martínez
|
0-0: Ball 1-0: Called Strike 1-1: Fly out, F6 (Popup, 6D)
|
Batting: RHB Ted Cook
|
0-0: Ball 1-0: Called Strike 1-1: Ball 2-1: Fly out, F9 (Flyball, 89M)
|
Batting: RHB Jorge Maestas
|
0-0: Called Strike 0-1: Ball 1-1: Ball 2-1: Foul Ball, location: 2F 2-2: Strikes out swinging
|
Bottom of the 8th over - 0 run(s), 0 hit(s), 0 error(s), 0 left on base; Gwinnett County 2 - South Beach 0 |
TOP OF THE 9TH |
Gwinnett County Black Cats batting - Pitching for South Beach Blaze : LHP Manuel Rodríguez
|
Pitching: RHP Gabriel Rodríguez
|
|
Batting: RHB Luis Dávila
|
0-0: Ball 1-0: Foul Ball, location: 2F 1-1: Called Strike 1-2: Foul Ball, location: 2F 1-2: Foul Ball, location: 2F 1-2: Strikes out swinging
|
Batting: RHB Jim Unknown
|
0-0: Ball 1-0: Foul Ball, location: 2F 1-1: Called Strike 1-2: Fly out, F9 (Flyball, 89M)
|
Batting: LHB Jim Unknown
|
0-0: Ball 1-0: SINGLE (Line Drive, 3L)
|
Batting: RHB Jim Unknown
|
0-0: Foul Ball, location: 2F 0-1: Ball 1-1: Foul Ball, location: 2F 1-2: Ball 2-2: Fly out, F8 (Flyball, 8RXD)
|
Top of the 9th over - 0 run(s), 1 hit(s), 0 error(s), 1 left on base; Gwinnett County 2 - South Beach 0 |
BOTTOM OF THE 9TH |
South Beach Blaze batting - Pitching for Gwinnett County Black Cats : RHP Jorge Silverstro
|
Batting: LHB Tomás Mejía
|
0-0: Called Strike 0-1: Foul Ball, location: 2F 0-2: Ball 1-2: Foul Ball, location: 2F 1-2: SOLO HOME RUN (Flyball, 89XD), Distance : 421 ft
|
Pitching: RHP Vicente Hernández
|
|
Pinch Hitting: LHB Joe Sutton
|
0-0: Called Strike 0-1: Ball 1-1: Swinging Strike 1-2: Ball 2-2: SINGLE (Line Drive, 56)
|
Batting: RHB Lloyd Alberink
|
0-0: Foul Ball, location: 2F 0-1: Ball 1-1: Swinging Strike 1-2: Foul Ball, location: 2F 1-2: Ball 2-2: Foul Ball, location: 2F 2-2: Fly out, F8 (Flyball, 8LM)
|
Pinch Hitting: RHB Alan Rosales
|
0-0: Ball 1-0: Swinging Strike 1-1: Ball 2-1: Foul Ball, location: 2F 2-2: Grounds into double play, 5-4-3 (Groundball, 56)
|
Bottom of the 9th over - 1 run(s), 2 hit(s), 0 error(s), 0 left on base; Gwinnett County 2 - South Beach 1 |
|